Description

6 stalkers into zealot archon w/ 1 obs/immortal/warp prism

Build Order

Get SALT Encoding   

  14  0:17  Pylon  
  16  0:36  Gateway  
  17  0:44  Assimilator  Rally 18th probe into gass
  20  1:21  Nexus  Rally 19th probe to natural. Cut probe production at 20 supply.
  20  1:31  Cybernetics Core  Resume probe production after cybercore
  21  1:38  Assimilator  
  22  1:46  Pylon  
  24  2:06  Stalker (Chrono Boost), Warp Gate (Chrono Boost)  
  27  2:22  Robotics Facility  Rally nexus to natural grab probe and make robo
  27  2:29  Stalker  
  30  2:39  Action (Chrono Boost)  Chrono
  35  3:03  Gateway  Then Pylon
  35  3:08  Observer  2x probe
  38  3:17  Stalker  
  40  3:24  Twilight Council  @100% charge
  46  3:37  Immortal  + Pylon
  48  3:53  Assimilator  x2
  50  4:00  Charge (Chrono Boost)  + pylon
  53  4:13  Action  Fill Gas
  57  4:18  Stalker  x3
  61  4:55  Gateway  x6
  61  5:14  Pylon  x6
  61  5:18  Templar Archives  
  61  5:25  Warp Prism (Chrono Boost)  
  63  6:03  Action  Warp zealots>start moving> then as many pylons as possible
Spawning Tool Build Advisor. Get it on Overwolf

Go to:

Details

  • Created by: original_protoss
  • Published on: Mar 20, 2023
  • Modified on: Mar 20, 2023
  • Patch: 5.0.11
  • Difficulty: Easy
Show
View Real Time Build Order
Export as new Build Order

Comments (0)

There are no comments. Be the first!

Create an account to comment!